 Dungeon Crawl Stone Soup version 0.20.1-1-g8b1a95d (webtiles) character file.

38 dohliylev the Vexing (level 3, -2/24 HPs)
             Began as a Vampire Enchanter on Dec 19, 2017.
             Slain by a goblin (3 damage)
             ... led by Robin
             ... on level 2 of the Dungeon.
             The game lasted 00:03:22 (1868 turns).

dohliylev the Vexing (Vampire Enchanter)            Turns: 1868, Time: 00:03:22

Health: -2/24      AC:  2    Str:  7    XL:     3   Next: 25%
Magic:  1/6        EV: 12    Int: 18    God:
Gold:   88         SH:  0    Dex: 14    Spells: 4/7 levels left

rFire    . . .     SeeInvis +   a - +1 dagger
rCold    . . .     Gourm    .   (no shield)
rNeg     + . .     Faith    .   b - +0 robe
rPois    .         Spirit   .   (no helmet)
rElec    .         Reflect  .   (no cloak)
rCorr    .         Harm     .   (no gloves)
MR       .....                  (no boots)
Stlth    +++.......             (no amulet)
Regen    0.1/turn               (no ring)
MPRegen  0.1/turn               (no ring)

@: very slightly contaminated
A: fangs 3, see invisible, unbreathing
a: Bat Form


You were on level 2 of the Dungeon.
You were not thirsty.

You visited 1 branch of the dungeon, and saw 2 of its levels.

You collected 88 gold pieces.

Inventory:

Hand Weapons
 a - a +1 dagger (weapon)
Armour
 b - a +0 robe (worn)
Jewellery
 k - an uncursed ring of resist corrosion {unknown}
Scrolls
 f - a scroll of identify {unknown}
 g - a scroll of immolation {unknown}
 h - a scroll of remove curse {unknown}
 i - a scroll of fog {unknown}
 j - 2 scrolls of teleportation {unknown}
 l - a scroll of magic mapping {unknown}
Potions
 d - 8 potions of blood
 e - 2 potions of curing {unknown}
Books
 c - a book of Maledictions

   Spells                             Type                      Level
   a - Corona                         Hexes                        1
   b - Ensorcelled Hibernation        Hexes/Ice                    2
   c - Confuse                        Hexes                        3
   d - Tukima's Dance                 Hexes                        3
   e - Dazzling Spray                 Conjuration/Hexes            3


   Skills:
 - Level 1.1 Short Blades
 - Level 2.1 Dodging
 - Level 4.4 Stealth
 + Level 2.6 Spellcasting
 + Level 5.6 Hexes
 + Level 0.4 Ice Magic


You had 4 spell levels left.
You knew the following spells:

 Your Spells              Type           Power        Failure   Level  Hunger
a - Corona                Hex            ###....      1%          1    #......
b - Ensorcelled Hibernat  Hex/Ice        ##....       8%          2    ##.....


Dungeon Overview and Level Annotations

Branches:
Dungeon (2/15)

Altars:

Annotations:
D:2 Robin


Innate Abilities, Weirdness & Mutations

You have razor-sharp teeth.
You have supernaturally acute eyesight. (SInv)
You can survive without breathing.


Message History

The hobgoblin barely misses you.
Casting: Ensorcelled Hibernation
Confirm with . or Enter, or press ? or * to list all spells.
Aiming: Ensorcelled Hibernation
Press: ? - help, Shift-Dir - straight line, f - hobgoblin
Aim: a hobgoblin, wielding a club (chance to defeat MR: 62%)
You miscast Ensorcelled Hibernation.
You are very lightly contaminated with residual magic.
Your skin tingles.
The goblin no longer looks unusually strong.
The goblin hits you.
* * * LOW HITPOINT WARNING * * *
Robin's horned helmet rattles.
Robin roars a battlecry!
The goblins go into a battle-frenzy!
You hear a shout!
You barely miss the goblin.
The goblin is moderately wounded.
The goblin hits you.
You die...

..gg.g....+#8...8#.........
#.g..###...##...#†....
##....##...##...#.....
####.##...######....#
#####.#8...8## #...##
+....g##...##..##...+.
#####g##...###..#...##
#g##...##...#.....
#@#8...8#...#.....
#g##...##.........
#...'..<........##
#####.............
########........)####
#..............#.# #
#..............#.##
#..............#..##+
#..............##.##.


You could see Robin, a hobgoblin and 2 goblins.

Vanquished Creatures
  An adder (D:2)
  A dart slug (D:2)
  3 bats
  2 giant cockroaches
  6 goblins
  5 hobgoblins
  A ball python (D:1)
  2 frilled lizards (D:1)
  A kobold (D:1)
  4 rats
26 creatures vanquished.

Notes
Turn   | Place    | Note
-------+----------+-------------------------------------------
     0 | D:1      | dohliylev the Vampire Enchanter began the quest for the Orb.
     0 | D:1      | Reached XP level 1. HP: 13/13 MP: 3/3
   788 | D:1      | Reached XP level 2. HP: 16/19 MP: 3/5
   792 | D:1      | Learned a level 2 spell: Ensorcelled Hibernation
   999 | D:1      | Reached skill level 5 in Hexes
  1716 | D:2      | Reached XP level 3. HP: 24/24 MP: 1/6
  1849 | D:2      | Noticed Robin
  1867 | D:2      | HP: 1/24 [goblin[Robin] (3)]
  1868 | D:2      | Slain by a goblin

Skill      XL: |  1  2 |
---------------+-------+-----
Hexes          | 5 |  5.6
Short Blades   | |  1.1
Dodging        | |  2.1
Stealth        | |  4.4
Spellcasting   | |  2.6
Ice Magic      | |  0.4

Action                   || total
-------------------------++-------
Melee: Dagger            ||    57
       Bite              ||     2
 Cast: Corona            ||     6
       Ensorcelled Hiber ||    12
 Stab: Sleeping          ||    11
       Distracted        ||     1
  Eat: Corpse            ||     3
Armor: Robe              ||     8
Dodge: Dodged            ||    37
